AoeStats
← yuhaoze43

Arabia

509255152Analyzed
1v1 RM · 7d ago on Sep 26, 2026· 39m 5s· 2 players
Game mode
Random Map
Map size
Tiny (2 player)
Population
200
Speed
Normal
Resources
Standard
Victory
Conquest
Starting age
Dark Age
Ending age
Imperial Age
RankedLock teamsTeams togetherTeam positionsShared explorationLock speedFull tech treeHidden civsTurbo modeCheats
Victory
Defeat
🇲🇽 Saxons · Mexico
961
+18
🇨🇳 Huns · China
994
-47
Spartak_2406
6:04 Loom
10:43 Feudal Age
11:32 Man-at-Arms
14:32 Arson
22:25 Castle Age
21:57 Double-Bit Axe
23:57 Pikeman
26:05 Wheelbarrow
27:30 Forging
27:11 Fletching
27:33 Forging
34:58 Imperial Age
yuhaoze43
3:04 Loom
11:52 Feudal Age
15:15 Town Watch
18:45 Castle Age
17:44 Double-Bit Axe
25:38 Bloodlines
26:29 Fletching
27:41 Fervor
29:32 Sanctity
33:05 Bodkin Arrow
34:09 Husbandry
38:24 Bow Saw
Connection lost

Rejoining the realm…

Still unreachable

The connection could not be restored.

Session expired

The server has moved on; the page needs a fresh start.